 Dungeon Crawl Stone Soup version 0.29-a0-330-g52719c12eb (webtiles) character file.

Game seed: 892619474204644463

9346 kae the Transmogrifier (level 11, -1/109 HPs)
             Began as a Demigod Transmuter on Apr 21, 2022.
             Slain by a cane toad (18 damage)
             ... on level 8 of the Dungeon.
             The game lasted 00:11:32 (15842 turns).

kae the Transmogrifier (Demigod Transmuter)        Turns: 15842, Time: 00:11:33

Health: -1/109     AC:  8    Str: 19    XL:     11   Next: 2%
Magic:  19/22      EV: 15    Int: 19    God:
Gold:   3180       SH:  0    Dex: 14    Spells: 7/20 levels left

rFire   x . .      SeeInvis .     - Unarmed
rCold   + + +      Faith    .   (shield currently unavailable)
rNeg    . . .      Spirit   .   (body armour currently unavailable)
rPois   +          Reflect  .   (helmet currently unavailable)
rElec   .          Harm     .   (cloak currently unavailable)
rCorr   .          Rampage  .   (gloves currently unavailable)
Will    ++...                   (boots currently unavailable)
Stlth   +.........              k - amulet of the acrobat
HPRegen 0.28/turn               u - +4 ring of evasion
MPRegen 0.18/turn               v - ring of willpower

@: ice-form
A: freezing attack, amphibious, boosted hp, large, high MP 1, forlorn, divine
attributes, mutation resistance 1
a: End Transformation


You were on level 8 of the Dungeon.
You were a creature of crystalline ice.
You visited 2 branches of the dungeon, and saw 12 of its levels.

You collected 3180 gold pieces.

Inventory:

Hand Weapons
 c - a +1 dagger
 j - the +5 fustibalus "Kuadolif" (melded) {freeze, Str+8}
   (You found it on level 3 of the Dungeon)

   Any ammunition fired from it freezes those it strikes, dealing additional
   cold damage.
   It can also slow down cold-blooded creatures.
   Str:       It affects your strength (+8).
Armour
 a - a +1 robe (melded)
Jewellery
 k - an amulet of the acrobat (around neck)
 p - a ring of positive energy
 u - a +4 ring of evasion (left front paw)
 v - a ring of willpower (right front paw)
 D - the ring of Joy {rPois AC+4 Dex+4 Slay+2 Stlth-}
   (You found it on level 10 of the Dungeon)

   [ring of protection]

   AC:        It affects your AC (+4).
   Dex:       It affects your dexterity (+4).
   Slay:      It affects your accuracy & damage with ranged weapons and melee
   (+2).
   rPois:     It protects you from poison.
   Stlth:     It makes you less stealthy.
 E - a +6 ring of strength
Wands
 i - a wand of mindburst (2)
 y - a wand of charming (11)
Scrolls
 o - a scroll of enchant armour
 q - 2 scrolls of enchant weapon
 s - a scroll of amnesia
 w - 3 scrolls of identify
 A - 3 scrolls of teleportation
 B - a scroll of fog
Potions
 b - 4 potions of curing
 d - 2 potions of lignification
 f - a potion of berserk rage
 g - 2 potions of attraction
 h - 4 potions of brilliance
 l - a potion of ambrosia
 m - 2 potions of resistance
 n - 6 potions of flight
 t - 3 potions of might
 x - 4 potions of heal wounds
 z - 3 potions of mutation
 C - 2 potions of haste


   Skills:
 + Level 6.8 Fighting
 + Level 4.0 Dodging
 + Level 7.3 Unarmed Combat
 - Level 5.2 Spellcasting
 - Level 3.0 Hexes
 * Level 9.8 Transmutations
 - Level 4.0 Ice Magic
 - Level 2.0 Poison Magic


You had 7 spell levels left.
You knew the following spells:

 Your Spells              Type           Power      Damage    Failure   Level
a - Beastly Appendage     Tmut           84%        N/A       1%          1
b - Spider Form           Tmut/Pois      27%        N/A       3%          3
c - Ice Form              Ice/Tmut       31%        N/A       7%          4
d - Yara's Violent Unrav  Hex/Tmut       14%        3d7       24%         5

Your spell library contained the following spells:

 Spells                   Type           Power      Damage    Failure   Level
 Wereblood                Tmut           42%        N/A       1%          2
 Tukima's Dance           Hex            16%        N/A       11%         3
 Static Discharge         Conj/Air       4%         N/A       19%         2
 Olgreb's Toxic Radiance  Pois           12%        N/A       47%         4
 Anguish                  Hex/Necr       5%         N/A       54%         4
 Dispel Undead            Necr           4%         3d7       77%         4
 Passage of Golubria      Tloc           4%         N/A       77%         4
 Sticky Flame             Conj/Fire      4%         2d3       77%         4
 Enfeeble                 Hex            8%         N/A       100%        7
 Ozocubu's Refrigeration  Ice            10%        4d7       100%        7
 Ignition                 Fire           2%         3d3       100%        8


Dungeon Overview and Level Annotations

Branches:
Dungeon (11/15)            Temple (0/1) D:6            Lair (1/6) D:8
    Orc (0/2) D:10

Shops:
D:2 [   D:8 *

Annotations:
D:2 1 runed translucent door, Crazy Yiuf


Innate Abilities, Weirdness & Mutations

You are a creature of crystalline ice.
You have a powerful freezing melee attack.
You are amphibious.
Your maximum health is increased.
Your armour is entirely melded.
You are incapable of wielding weapons or throwing items.
You have an increased reservoir of magic. (+10% MP)
You shall have no god before yourself.
Your divine heritage dramatically boosts your attributes as you level up.
You are somewhat resistant to further mutation.


Message History

Confirm with . or Enter, or press ? or * to list all spells.
You turn into a creature of crystalline ice.
The +5 fustibalus "Kuadolif" {freeze, Str+8} melds into your body.
Your +1 robe melds into your body.
The +5 fustibalus "Kuadolif" {freeze, Str+8} stops glowing.
You climb downwards.
Welcome back to the Lair of Beasts!
The cane toad stings you!!
The six-headed hydra closely misses you.
The six-headed hydra bites you!
The six-headed hydra bites you but does no damage.
The six-headed hydra bites you.
The six-headed hydra bites you but does no damage. x2
There is a staircase back to the Dungeon, spattered with blood here.
The cane toad completely misses you.
The six-headed hydra closely misses you.
The six-headed hydra bites you but does no damage.
The six-headed hydra misses you. The six-headed hydra bites you.
The six-headed hydra completely misses you.
The six-headed hydra bites you but does no damage.
The cane toad closely misses you.
You climb upwards.
Welcome back to the Dungeon!
There is a staircase to the Lair here.
You punch the six-headed hydra! You freeze the six-headed hydra.
The six-headed hydra is moderately wounded.
The six-headed hydra barely misses you.
The six-headed hydra completely misses you. x2
The six-headed hydra bites you but does no damage.
The six-headed hydra bites you. The six-headed hydra bites you!
The cane toad stings you.
You hit the six-headed hydra. You freeze the six-headed hydra.
The six-headed hydra is moderately wounded.
The six-headed hydra bites you! x2
The six-headed hydra completely misses you.
The six-headed hydra bites you!
* * * LOW HITPOINT WARNING * * *
The six-headed hydra closely misses you.
The six-headed hydra bites you!
* * * LOW HITPOINT WARNING * * *
The cane toad stings you!!
You die...

#......####.#### #.............
####.###.......# ####.##.......
#<....##.##.######.##..##### #
########..........[..........#.
###...## #####.....#####..(....#.
.#.###.# ##.........###..#######
...# #.# ##...........###....#...
.#.###.###.......).....#.....#...
###....##.......YĆ·........#######
.....#.##......FD...............)
#.........#...........##.#..##.)#
#.##.#..####.........###........#
#....)..#.####.....####.##...##.#
#..#..).................##.#.##..
....(.#.#....)..........##.#.##.#
#..>....######.[..#[##.###......#
###...### #....#.##.# ###.##.#


You could see a six-headed hydra and a cane toad.

Vanquished Creatures
  A hydra (D:8)
  A catoblepas (D:11)
  A centaur warrior (D:8)
  2 two-headed ogres
  2 komodo dragons
  A troll (D:9)
  A hornet (D:9)
  Grinder (D:2)
  3 yaks (D:10)
  A vampire mosquito (D:10)
  A basilisk (Lair:1)
  A steam dragon (D:7)
  2 wargs (D:8)
  2 water moccasins
  6 orc warriors
  2 ice beasts
  A sky beast (D:5)
  An ogre (D:4)
  A centaur (D:7)
  A phantom (D:5)
  2 kobold brigands
  Blork the orc (D:4)
  6 bullfrogs
  A necrophage (D:3)
  A gnoll sergeant (D:8)
  3 scorpions
  7 wights
  7 killer bees (D:7)
  2 electric eels (D:11)
  3 howler monkeys (D:11)
  8 orc priests
  2 hounds
  5 jellies
  A gnoll shaman (D:8)
  Terence (D:2)
  Ijyb (D:4)
  Natasha (D:2)
  8 iguanas
  8 orc wizards
  5 adders
  9 gnolls
  2 white imps (D:7)
  An ufetubus (D:3)
  A worm (D:2)
  2 dart slugs
  33 orcs
  8 bats
  6 endoplasms
  3 giant cockroaches
  13 goblins
  4 hobgoblins
  13 jackals
  8 kobolds
  2 quokkas (D:2)
  5 ball pythons
  A frilled lizard (D:3)
  9 rats
225 creatures vanquished.

Vanquished Creatures (others)
  An orc (D:7)
  A fungus (Lair:1)
  A plant (Lair:1)
3 creatures vanquished.

Grand Total: 228 creatures vanquished

Notes
Turn   | Place    | Note
-------+----------+-------------------------------------------
     0 | D:1      | kae the Demigod Transmuter began the quest for the Orb.
     0 | D:1      | Reached XP level 1. HP: 15/15 MP: 5/5
    54 | D:1      | Reached skill level 1 in Fighting
   141 | D:1      | Reached skill level 2 in Transmutations
   382 | D:1      | Reached XP level 2. HP: 21/23 MP: 5/7
  1618 | D:1      | Reached XP level 3. HP: 25/28 MP: 8/8
  1622 | D:1      | Learned a level 3 spell: Spider Form
  2163 | D:2      | Noticed Terence
  2174 | D:2      | Killed Terence
  2175 | D:2      | Reached skill level 1 in Poison Magic
  2175 | D:2      | Reached XP level 4. HP: 31/35 MP: 7/10
  2769 | D:2      | Noticed Natasha
  2783 | D:2      | Found Mihi's Armour Boutique.
  2825 | D:2      | Killed Natasha
  3063 | D:2      | Found a runed translucent door.
  3064 | D:2      | Noticed Crazy Yiuf
  3129 | D:3      | Noticed Grinder
  3130 | D:3      | Paralysed by Grinder for 2 turns
  3205 | D:2      | Paralysed by Grinder for 6 turns
  3228 | D:2      | Paralysed by Grinder for 5 turns
  3243 | D:2      | Paralysed by Grinder for 3 turns
  3254 | D:2      | Killed Grinder
  3255 | D:2      | Reached skill level 3 in Transmutations
  3255 | D:2      | Reached XP level 5. HP: 31/42 MP: 11/11
  3484 | D:3      | Reached XP level 6. HP: 20/50 MP: 8/12
  3596 | D:3      | Learned a level 4 spell: Ice Form
  4196 | D:3      | Identified the +5 fustibalus "Kuadolif" {freeze, Str+8}
  4210 | D:3      | Reached skill level 1 in Ice Magic
  4685 | D:4      | Reached skill level 4 in Transmutations
  4702 | D:4      | Noticed Blork the orc
  4713 | D:4      | Killed Blork the orc
  4970 | D:4      | Reached XP level 7. HP: 57/57 MP: 10/14
  5048 | D:4      | Noticed Ijyb
  5079 | D:4      | Killed Ijyb
  5376 | D:5      | Entered Level 5 of the Dungeon
  6644 | D:5      | Identified a scroll of acquirement
  6644 | D:5      | Acquired 666 gold pieces
  6884 | D:6      | Reached skill level 5 in Transmutations
  6936 | D:6      | Reached XP level 8. HP: 29/64 MP: 14/16
  7728 | D:6      | Found a staircase to the Ecumenical Temple.
  8279 | D:7      | Reached skill level 6 in Transmutations
  8339 | D:7      | Reached skill level 5 in Unarmed Combat
  8891 | D:7      | Acquired 1225 gold pieces
  9038 | D:7      | Reached XP level 9. HP: 67/72 MP: 14/19
  9048 | D:7      | Gained mutation: You sometimes lose the ability to read
                  | scrolls when taking damage. [potion of mutation]
  9048 | D:7      | Lost mutation: You sometimes lose the ability to read
                  | scrolls when taking damage. [potion of mutation]
  9048 | D:7      | Gained mutation: You are somewhat resistant to further
                  | mutation. [potion of mutation]
  9738 | D:8      | Reached skill level 7 in Transmutations
  9744 | D:8      | Reached skill level 5 in Fighting
  9884 | D:8      | Learned a level 5 spell: Yara's Violent Unravelling
 10129 | D:8      | Found a staircase to the Lair.
 10132 | D:8      | Reached skill level 1 in Hexes
 10157 | D:8      | Found Boaxawul's Elemental Accessories.
 10898 | D:8      | Reached skill level 5 in Spellcasting
 11661 | D:8      | Noticed a centaur warrior
 11674 | D:8      | Killed a centaur warrior
 11675 | D:8      | Reached skill level 8 in Transmutations
 11906 | D:8      | Reached XP level 10. HP: 82/82 MP: 16/21
 12127 | D:9      | Acquired 479 gold pieces
 12691 | D:10     | Entered Level 10 of the Dungeon
 13102 | D:10     | Identified the ring of Joy {rPois AC+4 Dex+4 Slay+2 Stlth-}
 13142 | D:10     | Found a staircase to the Orcish Mines.
 13259 | D:10     | Noticed a two-headed ogre
 13274 | D:10     | Killed a two-headed ogre
 13275 | D:10     | Reached skill level 9 in Transmutations
 13854 | D:11     | Noticed a two-headed ogre
 13865 | D:11     | Killed a two-headed ogre
 14570 | D:11     | Noticed a catoblepas
 14580 | D:11     | Killed a catoblepas
 15031 | Lair:1   | Entered Level 1 of the Lair of Beasts
 15400 | Lair:1   | Noticed a six-headed hydra
 15403 | Lair:1   | Noticed a six-headed hydra
 15628 | D:8      | Killed a six-headed hydra
 15629 | D:8      | Reached XP level 11. HP: 48/91 MP: 19/22
 15842 | D:8      | Slain by a cane toad

Illustrated notes

Levels and vault maps discovered:
D:1:      shiori_shiawase, layout_basic, chequers_ecumenical_altar_simple_redux
D:2:      layout_loops_ring, serial_shops, shop, basic_altar, minmay_distorted,
          uniq_natasha, uniq_terence, uniq_crazy_yiuf_cottage
D:3:      layout_basic, grunt_qazlal_sundering,
          grunt_dithmenos_smoke_and_mirrors, amcnicky_altar_gilded,
          kennysheep_big_empty_room, hangedman_abyss_or_decor_lesser_grid,
          minmay_between, uniq_grinder
D:4:      layout_cave_pools, uniq_ijyb, uniq_blork_the_orc
D:5:      layout_basic, kennysheep_ying_yang, amcnicky_mini_corridor_feature
D:6:      layout_cave_pods, minmay_temple_entry_overgrown,
          chequers_serial_rivers_large_b, serial_park_tiny_1
D:7:      hellmonk_crumbling_castle, layout_rooms, overflow_temple_1_default,
          mainiacjoe_overflow_paths, kennysheep_decorative_pillar,
          minmay_increasing_density
D:8:      layout_loops_cross, erik_lair_orcish_takeover, nicolae_elemental_shop,
          hangedman_abyss_or_decor_stagger, bh_walls_and_bars
D:9:      layout_gridville
D:10:     layout_irregular_city, nemelex_xobeh_ov_fountains_minmay,
          mainiacjoe_overflow_boulevard, st_stairs_7, minmay_variable_closet
D:11:     layout_stronghold, kennysheep_cross_bottleneck
Lair:1:   gammafunk_indiana_jones, layout_long_grid

Skill      XL: |  1  2  3  4  5  6  7  8  9 10 |
---------------+-------------------------------+-----
Fighting       | 1 2 3 4 5 6 |  6.8
Transmutations | 2 3 4 5 6 8 9 |  9.8
Spellcasting   | 2 3 4 5 |  5.2
Unarmed Combat | 3 4 5 6 7 |  7.3
Poison Magic   | 1 2 |  2.0
Ice Magic      | 2 3 4 |  4.0
Hexes          | 3 |  3.0
Dodging        | 4 |  4.0

Action                   |  1- 3 |  4- 6 |  7- 9 | 10-12 || total
-------------------------+-------+-------+-------+-------++-------
Melee: Unarmed           |    31 |    98 |   333 |   138 ||   600
       Dagger            |    91 |    36 |       |       ||   127
       Kick              |    18 |     4 |       |       ||    22
       Headbutt          |     8 |     3 |       |       ||    11
       Punch             |     1 |     3 |       |       ||     4
 Fire: Fustibalus        |       |    11 |    14 |     9 ||    34
 Cast: Beastly Appendage |    15 |     9 |       |       ||    24
       Spider Form       |     2 |    18 |    19 |       ||    39
       Ice Form          |       |       |    27 |    21 ||    48
Evoke: Wand              |       |     9 |       |     3 ||    12
  Use: Scroll            |     1 |     9 |    13 |     5 ||    28
       Potion            |     1 |     1 |     2 |     1 ||     5
 Stab: Sleeping          |       |     1 |     1 |       ||     2
       Distracted        |       |       |     1 |       ||     1
Armor: Robe              |    31 |    22 |     1 |       ||    54
       Skin              |    13 |    17 |    55 |    24 ||   109
Dodge: Dodged            |    94 |   113 |   278 |   111 ||   596

Table legend: (Time is in decaauts)
 A = Elapsed time spent in this place.
 B = Non-inter-level travel time spent in this place.
 C = Inter-level travel time spent in this place.
 D = Time resting spent in this place.
 E = Time spent auto-exploring this place.
 F = Levels seen in this place.
 G = Mean time per level.
                   A        B        C        D        E       F      G
               +--------+--------+--------+--------+--------+-----+--------+
         Total |  15834 |  15407 |    427 |   1881 |  11502 |  12 | 1319.5 |
       Dungeon |  15754 |  15330 |    424 |   1881 |  11468 |  11 | 1432.2 |
          Lair |     80 |     78 |      2 |      0 |     34 |   1 |   80.0 |
               +--------+--------+--------+--------+--------+-----+--------+

Top non-repeatable levels by time:
     D:8: 2576 daAuts
     D:7: 2343 daAuts
     D:1: 1895 daAuts
     D:2: 1503 daAuts
    D:11: 1345 daAuts
     D:6: 1295 daAuts
     D:5: 1286 daAuts
     D:3: 1004 daAuts
     D:4: 970 daAuts
    D:10: 957 daAuts
     D:9: 576 daAuts
  Lair:1: 80 daAuts
